[Event "RUS-chT Premier League 2018"]
[Site "Sochi"]
[Date "2018.05.04"]
[Round "4"]
[White "Vdovin, Maxim"]
[Black "Yumakhuzhin, Vadim"]
[Result "0-1"]
[ECO "E62"]
[WhiteElo "2139"]
[BlackElo "2184"]
[Annotator "NA"]
[PlyCount "80"]
[EventDate "2018.??.??"]
[EventCountry "RUS"]
[SourceTitle "playchess.com"]
[Source "ChessBase"]
[SourceQuality "1"]
[TimeControl "40/5400+30:1800+30"]

1. d4 Nf6 2. Nf3 g6 3. c4 Bg7 4. g3 O-O 5. Bg2 d6 6. O-O Nc6 7. Nc3 Bf5 8. Re1 e5 {[%emt 0:03:37] E62: King's Indian: Fianchetto: 6...c6 and Panno Variation (6...Nc6) without ...a6} 9. d5 Ne7 10. e4 Bd7 11. Rb1 a5 12. c5 $146 ({Predecessor:} 12. a3 Ne8 13. b4 axb4 14. axb4 h6 15. c5 f5 16. Nd2 f4 {½-½ (37) Mamedjarova,Z (2349)-Dembo,Y (2396) Mallorca 2004}) 12... Ne8 13. Be3 h6 14. Qc1 Kh7 15. b4 a4 16. Nd2 f5 17. f4 (17. f3 $14) 17... fxe4 (17... exf4 $15 {keeps the upper hand.} 18. gxf4 (18. Bxf4 g5 $11) 18... fxe4 19. Ndxe4 Bf5) 18. Ndxe4 Nf5 19. Bf2 exf4 20. Qxf4 Be5 21. Qd2 Nf6 22. Nxf6+ Qxf6 23. Ne4 Qg7 24. c6 bxc6 25. dxc6 Be6 $14 26. b5 Nd4 27. b6 cxb6 28. Rxb6 Rac8 29. Nxd6 Rxf2 30. Qxf2 Bxd6 31. Rb7 Rc7 32. Rd1 Bc8 33. Qxd4 Be5 34. Rxc7 Bxd4+ 35. Rxd4 Qxc7 36. Kf2 Qf7+ 37. Ke3 Qxa2 38. Bd5 Qa3+ 39. Rd3 Qc5+ 40. Ke4 Bf5+ 0-1

[Event "RUS-chT Premier League 2018"]
[Site "Sochi"]
[Date "2018.05.05"]
[Round "5"]
[White "Saveliev, Alexei"]
[Black "Vdovin, Maxim"]
[Result "1/2-1/2"]
[ECO "C43"]
[WhiteElo "2354"]
[BlackElo "2139"]
[Annotator "NA"]
[PlyCount "80"]
[EventDate "2018.??.??"]
[EventCountry "RUS"]
[SourceTitle "playchess.com"]
[Source "ChessBase"]
[SourceQuality "1"]
[TimeControl "40/5400+30:1800+30"]

1. e4 e5 2. Nf3 Nf6 3. d4 Nxe4 4. Bd3 Nc6 5. O-O d5 6. dxe5 Be7 7. c3 {[%emt 0:03:16] LiveBook: 3 Games} Bg4 8. Bf4 $11 Ng5 9. Nbd2 O-O 10. Re1 Re8 11. Qe2 Bf6 12. Qf1 Nxf3+ 13. Nxf3 Bxf3 14. exf6 Qxf6 15. Bxc7 Be4 16. Rad1 Bxd3 17. Qxd3 d4 18. cxd4 Qxd4 19. Qxd4 Nxd4 20. Kf1 Rxe1+ 21. Kxe1 Re8+ 22. Kf1 Nc6 23. a3 Re7 24. Bf4 f6 25. b4 a6 26. Be3 Ne5 27. a4 Rd7 28. Rc1 Kf7 29. Ke2 Ke6 30. h3 g6 31. Rc3 f5 32. Rc8 Nc6 33. b5 axb5 34. axb5 Nd4+ 35. Bxd4 Rxd4 36. Rc7 Rd7 37. Rxd7 Kxd7 38. Kd3 Kd6 39. Kd4 b6 40. f4 h5 1/2-1/2

[Event "RUS-chT Premier League 2018"]
[Site "Sochi"]
[Date "2018.05.05"]
[Round "5"]
[White "Pogorelskikh, Sergey"]
[Black "Pershin, Denis"]
[Result "0-1"]
[ECO "B32"]
[WhiteElo "2142"]
[BlackElo "2392"]
[Annotator "NA"]
[PlyCount "58"]
[EventDate "2018.??.??"]
[EventCountry "RUS"]
[SourceTitle "playchess.com"]
[Source "ChessBase"]
[SourceQuality "1"]
[TimeControl "40/5400+30:1800+30"]

1. e4 c5 2. Nf3 Nc6 3. d4 cxd4 4. Nxd4 Qb6 5. Nb3 Nf6 6. Nc3 e6 7. Qe2 Bb4 8. Bd2 O-O 9. a3 Be7 10. g4 d5 11. g5 Nxe4 12. Nxe4 dxe4 13. Qxe4 e5 14. Bd3 g6 15. Qe3 Nd4 $11 16. Nxd4 Bc5 17. Qe2 exd4 18. b4 Bd6 19. O-O Bh3 20. Rfe1 Qc7 21. f3 Rad8 22. Qf2 Rfe8 23. Rxe8+ Rxe8 24. Re1 Rxe1+ 25. Bxe1 Bf4 26. Qh4 Qe5 27. Bf2 Be6 28. Bg3 Qe3+ 29. Bf2 Qxf3 0-1